 Dungeon Crawl Stone Soup version 0.18.1-48-g4cf74bf (webtiles) character file.

939 Iskender the Scholar of Death (level 7, -1/50 HPs)
             Began as a Mummy Wanderer on July 27, 2016.
             Was a Follower of Kikubaaqudgha.
             Engulfed by a cloud of freezing vapour (7 damage)
             ... on level 5 of the Dungeon.
             The game lasted 00:42:02 (5081 turns).

Iskender the Scholar of Death (Mummy Wanderer)      Turns: 5081, Time: 00:42:03

Health: -1/50      AC:  6    Str: 17    XL:     7   Next: 87%
Magic:  8/8        EV: 11    Int: 11    God:    Kikubaaqudgha [*.....]
Gold:   79         SH:  3    Dex: 12    Spells: 4 memorised, 1 level left

rFire  x . .     SeeInvis .     a - +0 hand axe
rCold  + + .     Gourm    .     H - +1 leather armour "Xulesuh" {rElec rC+}
rNeg   + + +     Faith    .     (no shield)
rPois  ∞         Spirit   .     w - +0 helmet
rElec  +         Dismiss  .     x - +0 cloak
rCorr  .         Reflect  +     (no gloves)
SustAt .         Harm     .     (no boots)
MR     .....                    t - +3 amulet of reflection
Stlth  +.........               (no ring)
                                (no ring)

@: very slightly contaminated, not resistant to hostile enchantments, very
unstealthy
A: no food or potions, fire vulnerability, cold resistance 1, negative energy
resistance 3, torment resistance, unbreathing
a: Receive Corpses, Renounce Religion


You were on level 5 of the Dungeon.
You worshipped Kikubaaqudgha.
Kikubaaqudgha was aware of your devotion.
You were not hungry.

You visited 2 branches of the dungeon, and saw 6 of its levels.

You collected 240 gold pieces.
You spent 161 gold pieces at shops.

Inventory:

Hand Weapons
 a - a +0 hand axe (weapon)
 b - a +0 spear
 d - a +0 dagger
 y - a +0 shortbow
 E - a +3 falchion
 F - a +0 trident
Missiles
 e - 46 stones (quivered)
 k - 14 bolts
 o - 63 sling bullets
 z - 40 arrows
 A - 7 poisoned needles
Armour
 c - a +2 scale mail
 n - a +0 ring mail
 r - a +0 leather armour
 w - a +0 helmet (worn)
 x - a +0 cloak (worn)
 G - a +0 chain mail
 H - the +1 leather armour "Xulesuh" (worn) {rElec rC+}
   (You bought it in a shop on level 5 of the Dungeon)

   It protects you from cold.
   It insulates you from electricity.
Jewellery
 t - a +3 amulet of reflection (around neck)
Wands
 s - a wand of lightning (5/15)
 B - a wand of random effects (0/48)
 D - a wand of slowing (19/48)
Scrolls
 f - 3 scrolls of remove curse
 g - a scroll of recharging
 h - a scroll of identify
 i - a scroll of amnesia {unknown}
 j - 2 scrolls of teleportation
 l - a scroll of fog {unknown}
 p - a scroll of random uselessness {unknown}
 u - a scroll of noise {unknown}
 v - a scroll of magic mapping {unknown}
 I - a scroll of immolation {unknown}
Books
 m - a book of Death

   Spells                             Type                      Level
   a - Corpse Rot                     Necromancy                   2
   b - Sublimation of Blood           Necromancy                   2
   c - Agony                          Necromancy                   5
   d - Dispel Undead                  Necromancy                   5
   e - Excruciating Wounds            Charms/Necromancy            5
   f - Bolt of Draining               Conjuration/Necromancy       5
 C - Kikubaaqudgha's Guide on Evil Magic
   (Kikubaaqudgha gifted it to you on level 4 of the Dungeon)

   Spells                             Type                      Level
   a - Animate Skeleton               Necromancy                   1
   b - Pain                           Necromancy                   1
   c - Corpse Rot                     Necromancy                   2
   d - Vampiric Draining              Necromancy                   3
   e - Control Undead                 Necromancy                   4


   Skills:
 - Level 2.0 Fighting
 + Level 5.3 Axes
 - Level 4.1 Armour
 - Level 1.5 Stealth
 - Level 1.0 Spellcasting
 - Level 6.0 Necromancy


You had one spell level left.
You knew the following spells:

 Your Spells              Type           Power        Failure   Level  Hunger
a - Pain                  Necr           ##..         3%          1    N/A
b - Vampiric Draining     Necr           ##........   12%         3    N/A
i - Corpse Rot            Necr           N/A          6%          2    N/A
n - Animate Skeleton      Necr           N/A          3%          1    N/A

Dungeon Overview and Level Annotations

Branches:
Dungeon (5/15)             Temple (1/1) D:4

Altars:
Ashenzari
Dithmenos
Elyvilon
Fedhas
Gozag
Kikubaaqudgha
Makhleb
Nemelex Xobeh
Pakellas
Qazlal
Ru
Sif Muna
Xom
Zin
The Shining One

Shops:
D:5 [[[![

Annotations:
D:3 baghtru's ghost, amateur HOFi


Innate Abilities, Weirdness & Mutations

You do not eat or drink.
Your flesh is vulnerable to fire.
You are immune to poison.
Your flesh is cold resistant.
You are immune to negative energy.
You are immune to unholy pain and torment.
You can survive without breathing.


Message History

Unknown command.
You are engulfed in freezing vapours.
You resist.
You are engulfed in freezing vapours.
You resist.
You are engulfed in freezing vapours.
You resist.
You are engulfed in freezing vapours.
You resist.
You are engulfed in freezing vapours.
You resist.
You are engulfed in freezing vapours.
You resist.
You are engulfed in freezing vapours.
You resist.
* * * LOW HITPOINT WARNING * * *
You are engulfed in freezing vapours.
You resist.
* * * LOW HITPOINT WARNING * * *
Unknown command.
Read which item? (? for menu, Esc to quit)
Blink to where?
Press: ? - help, Dir - move target cursor You are very lightly contaminated with residual magic.
As you read the scroll of blinking, it crumbles to dust.
You are engulfed in freezing vapours.
You resist.
You die...
Kikubaaqudgha rasps: "You have failed me!
Welcome... oblivion!"

##........#
##$#.8...####.#####
..........#
##$#§#..>......)Z..
∩....######
##$#§#########.####
.....# ##§#§## #)#
.....# ##§#§## #.#
.....# ##§#§## #.#
.....# ##§#§## #.#
.....# ##§#§##
#.#### .....#
##@#§## #...ZZ
.....# ##§#§##
###### .....#
##§#§## .....#
##§#§## ######
##§#§## ##§#§##
##§#§## ##§#§##
##§§§##


There were no monsters in sight!

Vanquished Creatures
  A water moccasin (D:5)
  A necrophage (D:5)
  3 ogres
  A scorpion (D:4)
  2 jellies (D:5)
  3 orc priests
  2 orc wizards
  An iguana (D:4)
  3 worker ants (D:5)
  2 gnolls (D:5)
  7 adders
  4 worms
  2 dart slugs
  3 giant geckos
  9 orcs
  A ball python (D:2)
  3 bats
  3 giant cockroaches
  3 goblins
  6 hobgoblins
  2 quokkas
  A giant gecko zombie (D:5)
  2 giant newts (D:5)
  A jackal zombie (D:5)
  5 kobolds
  6 rats
77 creatures vanquished.

Vanquished Creatures (collateral kills)
  A worker ant (D:5)
  2 gnolls (D:5)
3 creatures vanquished.

Grand Total: 80 creatures vanquished

Notes
Turn   | Place    | Note
--------------------------------------------------------------
     0 | D:1      | Iskender the Mummy Wanderer began the quest for the Orb.
     0 | D:1      | Iskender set off with: a +2 scale mail, a scroll of teleportation, a +0 hand axe, a +0 dagger
     0 | D:1      | Reached XP level 1. HP: 16/16 MP: 1/1
   419 | D:2      | Reached XP level 2. HP: 22/22 MP: 2/2
   573 | D:2      | Reached XP level 3. HP: 22/27 MP: 3/3
   607 | D:2      | Learned a level 2 spell: Corpse Rot
   976 | D:2      | Reached skill level 1 in Necromancy
  1109 | D:2      | Found an ancient bone altar of Kikubaaqudgha.
  1114 | D:2      | Found an oddly glowing altar of Pakellas.
  1117 | D:2      | Found a shadowy altar of Dithmenos.
  1125 | D:2      | Became a worshipper of Kikubaaqudgha
  1177 | D:2      | Found a sacrificial altar of Ru.
  1370 | D:3      | Noticed baghtru's ghost (amateur HOFi)
  1439 | D:2      | Reached skill level 2 in Necromancy
  1439 | D:2      | Reached XP level 4. HP: 21/33 MP: 4/4
  2052 | D:3      | Found a shimmering altar of Xom.
  2052 | D:3      | Found a deep blue altar of Sif Muna.
  2062 | D:3      | Found a sparkling altar of Nemelex Xobeh.
  2150 | D:4      | Found a staircase to the Ecumenical Temple.
  2174 | D:4      | Reached skill level 3 in Necromancy
  2352 | Temple   | Entered the Ecumenical Temple
  2840 | D:4      | Reached XP level 5. HP: 38/38 MP: 5/5
  3246 | D:4      | Noticed an ogre
  3263 | D:4      | Killed an ogre
  3263 | D:4      | Reached XP level 6. HP: 43/44 MP: 3/6
  3302 | D:4      | Reached * piety under Kikubaaqudgha
  3302 | D:4      | Received a gift from Kikubaaqudgha
  3308 | D:4      | Identified Kikubaaqudgha's Guide on Evil Magic (Kikubaaqudgha gifted it to you on level 4 of the Dungeon)
  3313 | D:4      | Learned a level 1 spell: Animate Skeleton
  3315 | D:4      | Learned a level 1 spell: Pain
  3528 | D:5      | Entered Level 5 of the Dungeon
  3588 | D:5      | Found Xobo's Antique Armour Shoppe.
  3590 | D:5      | Found Kygg's Distillery.
  3638 | D:5      | Reached skill level 4 in Necromancy
  3782 | D:5      | Bought a pitted leather armour for 161 gold pieces
  3793 | D:5      | Identified the +1 leather armour "Xulesuh" {rElec rC+} (You bought it in a shop on level 5 of the Dungeon)
  3819 | D:5      | Reached skill level 1 in Spellcasting
  3838 | D:5      | Found Gure Isi's Antique Armour Emporium.
  3851 | D:5      | Learned a level 3 spell: Vampiric Draining
  4171 | D:5      | Reached XP level 7. HP: 48/50 MP: 2/8
  4273 | D:5      | Reached skill level 5 in Necromancy
  4429 | D:5      | Reached skill level 6 in Necromancy
  4451 | D:5      | Found Zaxzugg's Armour Emporium.
  4517 | D:5      | Found Buakhlih's Armour Boutique.
  4611 | D:5      | Found a shimmering altar of Xom.
  4831 | D:5      | Reached skill level 5 in Axes
  5081 | D:5      | Engulfed by a cloud of freezing vapour

Skill      XL: |  1  2  3  4  5  6  7 |
---------------+----------------------+-----
Axes           | 2 4 5 |  5.3
Necromancy     | 2 3 4 6 |  6.0
Spellcasting   | 1 |  1.0
Fighting       | |  2.0
Armour         | |  4.1
Stealth        | |  1.5

Action                   |  1- 3 |  4- 6 |  7- 9 || total
-------------------------+-------+-------+-------++-------
Melee: Hand axe          |   114 |   192 |    65 ||   371
       Spear             |     8 |       |       ||     8
       Trident           |       |     1 |       ||     1
Throw: Stone             |     3 |     5 |     1 ||     9
 Cast: Corpse Rot        |       |     7 |     3 ||    10
       Animate Skeleton  |       |     6 |     5 ||    11
       Pain              |       |     5 |    15 ||    20
Invok: Receive Corpses   |       |     1 |       ||     1
Evoke: Wand              |       |     4 |     6 ||    10
  Use: Scroll            |     3 |     1 |     1 ||     5
 Stab: Sleeping          |       |     1 |       ||     1
Armor: Scale mail        |    17 |       |       ||    17
       Ring mail         |    20 |    35 |       ||    55
       Leather armour    |       |    21 |    16 ||    37
Dodge: Dodged            |    47 |    86 |    29 ||   162
Block: Other             |     6 |    16 |     8 ||    30
